[Event "15th Governor Cup 2019"]
[Site "Khanty-Mansiysk"]
[Date "2019.11.24"]
[Round "8.19"]
[White "Skvortsov, Andrey"]
[Black "Mukhina, Jana"]
[Result "1-0"]
[ECO "B34"]
[WhiteElo "2137"]
[BlackElo "2105"]
[Annotator "NA"]
[PlyCount "75"]
[EventDate "2019.11.19"]
[EventType "swiss"]
[EventCountry "RUS"]
[SourceTitle "playchess.com"]
[Source "ChessBase"]
[SourceQuality "1"]
[TimeControl "5400+30"]

1. Nc3 c5 2. e4 Nc6 3. Nge2 g6 4. d4 cxd4 5. Nxd4 Bg7 6. Nde2 Nf6 7. a4 O-O 8. g3 d6 9. Bg2 Bg4 10. h3 Be6 11. O-O Qc8 12. Nf4 Bc4 13. Re1 Rd8 14. Ncd5 e6 15. Ne3 Ba6 16. Rb1 b6 17. b3 Qc7 18. Bb2 Ne5 19. c4 Bb7 20. Qc2 Rac8 21. Ne2 Qb8 22. Rbd1 Qa8 23. Nc3 a6 24. f4 Nc6 25. Ba3 Ne8 26. Qd3 Nb8 27. e5 Nd7 28. Bxb7 Qxb7 29. exd6 Nxd6 30. Bxd6 Nc5 31. Qc2 Qf3 32. Bxc5 Rxd1 33. Rxd1 bxc5 34. Rd3 Bd4 35. Kh2 Rb8 36. Nf5 Qf2+ 37. Qxf2 Bxf2 38. Nd1 1-0

[Event "15th Governor Cup 2019"]
[Site "Khanty-Mansiysk"]
[Date "2019.11.24"]
[Round "8.20"]
[White "Kochukova, Anna"]
[Black "Shafigullina, Zarina"]
[Result "0-1"]
[ECO "B32"]
[WhiteElo "2117"]
[BlackElo "2295"]
[Annotator "NA"]
[PlyCount "110"]
[EventDate "2019.11.19"]
[EventType "swiss"]
[EventCountry "RUS"]
[SourceTitle "playchess.com"]
[Source "ChessBase"]
[SourceQuality "1"]
[TimeControl "5400+30"]

1. e4 c5 2. Nf3 Nc6 3. d4 cxd4 4. Nxd4 e5 5. Nb5 d6 6. N1c3 a6 7. Na3 Be7 8. Nc4 b5 9. Ne3 Nf6 10. Ned5 O-O 11. Nxf6+ Bxf6 12. Be2 Be6 13. O-O b4 14. Nd5 Bxd5 15. exd5 Ne7 16. a3 a5 17. axb4 axb4 18. Rxa8 Qxa8 19. Bc4 Rc8 20. Qd3 g6 21. Bd2 Qa5 22. Qe4 Nf5 23. c3 bxc3 24. Bxc3 Qc5 25. b3 Bd8 26. Ra1 Bb6 27. Qe1 Nd4 28. Bxd4 Qxd4 29. Ra2 f5 30. Qd2 Qxd2 31. Rxd2 Ra8 32. g3 Ra1+ 33. Kg2 e4 34. Bb5 Rb1 35. Bc4 Kg7 36. Ra2 Bc5 37. Re2 Kf6 38. Kh3 Rg1 39. Kh4 Rg2 40. Kh3 Rxf2 41. Rxf2 Bxf2 42. Kg2 Bc5 43. h4 h6 44. Kh3 g5 45. hxg5+ hxg5 46. Bb5 Ke5 47. Bc4 Kd4 48. Kg2 Ke3 49. Bb5 Kd2 50. Kf1 f4 51. gxf4 gxf4 52. Kg2 Ke1 53. Bc4 f3+ 54. Kg3 f2 55. Kf4 e3 0-1

[Event "15th Governor Cup 2019"]
[Site "Khanty-Mansiysk"]
[Date "2019.11.24"]
[Round "8.21"]
[White "Mironenko, Galina"]
[Black "Voskresenskaya, Marta"]
[Result "0-1"]
[ECO "D48"]
[WhiteElo "2236"]
[BlackElo "1859"]
[Annotator "NA"]
[PlyCount "84"]
[EventDate "2019.11.19"]
[EventType "swiss"]
[EventCountry "RUS"]
[SourceTitle "playchess.com"]
[Source "ChessBase"]
[SourceQuality "1"]
[TimeControl "5400+30"]

1. d4 d5 2. c4 c6 3. Nf3 Nf6 4. Nc3 e6 5. e3 Nbd7 6. Bd3 dxc4 7. Bxc4 b5 8. Bd3 a6 9. O-O Bd6 10. a3 c5 11. Re1 Bb7 12. e4 cxd4 13. Nxd4 Ne5 14. Be2 O-O 15. Bg5 h6 16. Bh4 Ng6 17. Bg3 Bxg3 18. hxg3 Qb6 19. Nb3 Nxe4 20. Nxe4 Bxe4 21. Qd2 Rfd8 22. Qb4 Bd3 23. Bxd3 Rxd3 24. Nc5 Rd5 25. Na4 Qa7 26. Nc3 Rd4 27. Qb3 Rad8 28. a4 bxa4 29. Rxa4 Rxa4 30. Nxa4 Rd2 31. Rf1 Qd4 32. Nc3 Ne5 33. Qb7 Ng4 34. Qa8+ Kh7 35. Qf3 Rxb2 36. Ne2 Qc4 37. Re1 a5 38. Kh1 a4 39. Kg1 Rc2 40. Nf4 Rc1 41. Rd1 Qc2 42. Rf1 Rxf1+ 0-1

[Event "15th Governor Cup 2019"]
[Site "Khanty-Mansiysk"]
[Date "2019.11.24"]
[Round "8.22"]
[White "Dorofeeva, Nyurguiaana"]
[Black "Ryabov, Georgi"]
[Result "0-1"]
[ECO "D02"]
[WhiteElo "1848"]
[BlackElo "1887"]
[Annotator "NA"]
[PlyCount "128"]
[EventDate "2019.11.19"]
[EventType "swiss"]
[EventCountry "RUS"]
[SourceTitle "playchess.com"]
[Source "ChessBase"]
[SourceQuality "1"]
[TimeControl "5400+30"]

1. Nf3 d5 2. d4 Nf6 3. Bf4 g6 4. e3 Bg7 5. Be2 O-O 6. h3 Ne4 7. Nbd2 f5 8. c4 e6 9. O-O Nd7 10. Rc1 c6 11. b4 h6 12. cxd5 exd5 13. b5 c5 14. dxc5 Ndxc5 15. Nxe4 Nxe4 16. Be5 Be6 17. Qd4 Rf7 18. Rc2 b6 19. Rc6 Nc5 20. Rc1 Qe7 21. Bxg7 Rxg7 22. Qe5 Re8 23. Nd4 Bf7 24. Qxe7 Rxe7 25. Rc8+ Kh7 26. Nc6 Rb7 27. Bf3 Rg8 28. Rd8 Rc7 29. Rxg8 Bxg8 30. Rd1 Ne4 31. Nb4 Nc3 32. Rd3 Nxb5 33. Bxd5 Bf7 34. Bc6 Bc4 35. Rd7+ Rxd7 36. Bxd7 Nc3 37. a3 Kg7 38. Nc6 Bb5 39. Ne5 Bxd7 40. Nxd7 Nb5 41. a4 Nc3 42. a5 bxa5 43. Kf1 a4 44. Nc5 a3 45. Ke1 a2 46. Nb3 a5 47. Kd2 Ne4+ 48. Kc2 a4 49. Na1 Nxf2 50. Kb2 Nd1+ 51. Kxa2 Nxe3 52. g3 Nf1 53. g4 fxg4 54. hxg4 Kf6 55. Ka3 Ne3 56. Kxa4 Nxg4 57. Nc2 h5 58. Nd4 h4 59. Ne2 h3 60. Ng3 h2 61. Nh1 Kg5 62. Kb3 Kf4 63. Kc3 Kf3 64. Kd2 Nf2 0-1

[Event "15th Governor Cup 2019"]
[Site "Khanty-Mansiysk"]
[Date "2019.11.25"]
[Round "9.8"]
[White "Iljiushenok, Ilia"]
[Black "Lysenko, Margarita"]
[Result "1/2-1/2"]
[ECO "B51"]
[WhiteElo "2532"]
[BlackElo "2243"]
[Annotator "ChessBase"]
[PlyCount "80"]
[EventDate "2019.11.19"]
[EventType "swiss"]
[EventCountry "RUS"]
[SourceTitle "playchess.com"]
[Source "ChessBase"]
[SourceQuality "1"]
[TimeControl "5400+30"]

1. e4 c5 2. Nf3 d6 3. Bb5+ Nd7 4. Ba4 a6 5. c4 Ngf6 6. Nc3 g6 7. O-O Bg7 8. d3 O-O 9. h3 b6 10. Be3 Bb7 11. Rb1 e6 12. b4 Qc7 13. Qd2 Rfd8 14. Rfc1 Nf8 15. Bg5 e5 16. Nd5 Bxd5 17. cxd5 b5 18. Bd1 N8d7 19. a4 Rdb8 20. Be3 Bf8 21. Qa2 Qd8 22. Nd2 cxb4 23. Rxb4 Nc5 24. Qa3 Nfd7 25. Rcb1 Be7 26. axb5 axb5 27. Qc3 Rc8 28. Bxc5 Nxc5 29. Bg4 Nxe4 30. Qb2 Nxd2 31. Qxd2 Rc5 32. Rxb5 Rxb5 33. Rxb5 Rb8 34. Rxb8 Qxb8 35. Qc2 h5 36. Qc8+ Qxc8 37. Bxc8 Bd8 38. Kf1 Bb6 39. Ke2 Kg7 40. Bd7 Kf6 1/2-1/2

[Event "15th Governor Cup 2019"]
[Site "Khanty-Mansiysk"]
[Date "2019.11.25"]
[Round "9.10"]
[White "Belyakov, Bogdan"]
[Black "Savitskiy, Sergey"]
[Result "1/2-1/2"]
[ECO "B13"]
[WhiteElo "2495"]
[BlackElo "2396"]
[Annotator "ChessBase"]
[PlyCount "50"]
[EventDate "2019.11.19"]
[EventType "swiss"]
[EventCountry "RUS"]
[SourceTitle "playchess.com"]
[Source "ChessBase"]
[SourceQuality "1"]
[TimeControl "5400+30"]

1. e4 c6 2. d4 d5 3. exd5 cxd5 4. c4 Nf6 5. Nc3 Nc6 6. Nf3 Bg4 7. cxd5 Nxd5 8. Qb3 Bxf3 9. gxf3 e6 10. Qxb7 Nxd4 11. Bb5+ Nxb5 12. Qc6+ Ke7 13. Qxb5 Qd7 14. Nxd5+ Qxd5 15. Qxd5 exd5 16. O-O Ke6 17. Re1+ Kf5 18. Rd1 Rd8 19. Be3 Rd7 20. Rac1 Be7 21. Rc4 Bf6 22. Rf4+ Kg6 23. Rg4+ Kf5 24. Rf4+ Kg6 25. Rg4+ Kf5 1/2-1/2

[Event "15th Governor Cup 2019"]
[Site "Khanty-Mansiysk"]
[Date "2019.11.25"]
[Round "9.11"]
[White "Bocharov, Ivan"]
[Black "Najdin, Danil"]
[Result "1-0"]
[ECO "C78"]
[WhiteElo "2571"]
[BlackElo "2357"]
[Annotator "ChessBase"]
[PlyCount "69"]
[EventDate "2019.11.19"]
[EventType "swiss"]
[EventCountry "RUS"]
[SourceTitle "playchess.com"]
[Source "ChessBase"]
[SourceQuality "1"]
[TimeControl "5400+30"]

1. e4 e5 2. Nf3 Nc6 3. Bb5 a6 4. Ba4 Nf6 5. O-O b5 6. Bb3 Bc5 7. Nxe5 Nxe5 8. d4 Bxd4 9. Qxd4 d6 10. c3 c5 11. Qd1 Bb7 12. f3 O-O 13. Be3 Rc8 14. Qe2 d5 15. Rd1 c4 16. Bc2 Qe7 17. f4 Neg4 18. e5 Nxe3 19. Qxe3 Ng4 20. Qg3 Qc5+ 21. Rd4 f5 22. Nd2 g6 23. h3 Nh6 24. a3 a5 25. Nf3 b4 26. Ng5 bxc3 27. bxc3 Rc6 28. Qh4 Kg7 29. Kh2 Rb6 30. Rb1 Rb8 31. Rxb6 Qxb6 32. Ba4 Bc8 33. Rxd5 Qe3 34. Nf3 Ng8 35. Rd8 1-0

[Event "15th Governor Cup 2019"]
[Site "Khanty-Mansiysk"]
[Date "2019.11.25"]
[Round "9.15"]
[White "Zakaryan, David"]
[Black "Obgolts, Erik"]
[Result "1/2-1/2"]
[ECO "E90"]
[WhiteElo "2338"]
[BlackElo "2371"]
[Annotator "NA"]
[PlyCount "110"]
[EventDate "2019.11.19"]
[EventType "swiss"]
[EventCountry "RUS"]
[SourceTitle "playchess.com"]
[Source "ChessBase"]
[SourceQuality "1"]
[TimeControl "5400+30"]

1. e4 g6 2. d4 Bg7 3. c4 d6 4. Nc3 Nf6 5. Nf3 O-O 6. h3 e5 7. d5 Nh5 8. g3 f5 9. exf5 gxf5 10. Nh4 Nf4 11. Qc2 Na6 12. a3 c6 13. Nf3 Ng6 14. Bg5 Qe8 15. O-O-O cxd5 16. Rxd5 e4 17. Nd4 Nc7 18. Rxd6 Bxd4 19. Rxd4 Ne6 20. Be3 Nxd4 21. Bxd4 Be6 22. g4 Rd8 23. Bxa7 Qc6 24. Rg1 Bxc4 25. gxf5 Rxf5 26. Bxc4+ Qxc4 27. Qxe4 Qxe4 28. Nxe4 Rf4 29. Nc3 Kf7 30. Be3 Rc4 31. Kc2 Ne7 32. Kb3 Rh4 33. Rg3 h6 34. Rf3+ Kg6 35. Ne2 Nd5 36. Bc1 Re8 37. Ng1 Rd4 38. Rg3+ Kh7 39. Nf3 Rd1 40. Bd2 Rf1 41. Kc4 Nf6 42. Be3 Nh5 43. Rg4 Rxe3 44. fxe3 Rxf3 45. Re4 Rxh3 46. Re7+ Kg6 47. a4 Nf6 48. Rxb7 Rxe3 49. a5 Re1 50. Rb3 h5 51. a6 Ra1 52. Ra3 Rxa3 53. bxa3 Ne8 54. a7 Nc7 55. Kc5 h4 1/2-1/2

[Event "15th Governor Cup 2019"]
[Site "Khanty-Mansiysk"]
[Date "2019.11.25"]
[Round "9.16"]
[White "Skatchkov, Valery"]
[Black "Maltsevskaya, Aleksandra"]
[Result "1-0"]
[ECO "E68"]
[WhiteElo "2309"]
[BlackElo "2332"]
[Annotator "NA RC"]
[PlyCount "107"]
[EventDate "2019.11.19"]
[EventType "swiss"]
[EventCountry "RUS"]
[SourceTitle "playchess.com"]
[Source "ChessBase"]
[SourceQuality "1"]
[TimeControl "5400+30"]

1. c4 Nf6 2. Nc3 g6 3. Nf3 Bg7 4. d4 O-O 5. g3 d6 6. Bg2 Nbd7 7. O-O e5 8. e4 a6 9. Qc2 exd4 10. Nxd4 Re8 11. Rd1 Ne5 12. c5 Bd7 13. f4 Bg4 14. fxe5 Bxd1 15. Qxd1 Rxe5 16. cxd6 cxd6 17. Bf4 Re8 18. Nb3 Qb6+ 19. Kh1 Re6 20. Qd4 Qc7 21. Qd2 Qb6 22. Qd4 Qc7 23. Qd2 Qb6 24. Rf1 Rae8 25. Be3 Qc7 26. Nd4 Re5 27. Bf4 Rh5 28. Bf3 Rc5 29. Nb3 Rc6 30. Bg5 Re5 31. Qf4 Ne8 32. Nd5 Qd7 33. Bg4 f5 34. exf5 Qf7 35. Ne3 Bf6 36. fxg6 Qxg6 37. Bxf6 Qxf6 38. Bf5 Qe7 39. Nd4 Ng7 40. Nxc6 bxc6 41. Ng4 Re1 42. Be6+ Rxe6 43. Nh6+ Rxh6 44. Qxh6 Qe4+ 45. Kg1 Qd4+ 46. Rf2 Qd1+ 47. Kg2 Qd5+ 48. Kh3 Ne6 49. Qf6 Qc4 50. Qf7+ Kh8 51. Qe8+ Kg7 52. Rf7+ Kh6 53. Rf6+ Kg5 54. Qxe6 1-0

[Event "15th Governor Cup 2019"]
[Site "Khanty-Mansiysk"]
[Date "2019.11.25"]
[Round "9.17"]
[White "Chekletsov, Ilya"]
[Black "Skvortsov, Andrey"]
[Result "1-0"]
[ECO "A41"]
[WhiteElo "2386"]
[BlackElo "2137"]
[Annotator "NA"]
[PlyCount "111"]
[EventDate "2019.11.19"]
[EventType "swiss"]
[EventCountry "RUS"]
[SourceTitle "playchess.com"]
[Source "ChessBase"]
[SourceQuality "1"]
[TimeControl "5400+30"]

1. d4 d6 2. c4 e5 3. Nc3 exd4 4. Qxd4 Nf6 5. b3 Nc6 6. Qd2 a5 7. Bb2 a4 8. Rd1 axb3 9. axb3 Bf5 10. f3 Be7 11. e4 Be6 12. Bd3 Nd7 13. Nd5 O-O 14. Ne2 Nce5 15. Nxe7+ Qxe7 16. Bc2 Qh4+ 17. Ng3 Ra2 18. Bb1 Ra6 19. O-O Rb6 20. Qc3 Nc5 21. Bc2 f6 22. f4 Nc6 23. Bc1 Nb4 24. Bb1 Nc6 25. Bc2 Nb4 26. Be3 Nxc2 27. Qxc2 f5 28. exf5 Bc8 29. Rb1 Ra6 30. Bd4 Ra8 31. Rbe1 Bd7 32. b4 Na6 33. f6 gxf6 34. b5 Nc5 35. Bxc5 dxc5 36. Re7 Rf7 37. Rxf7 Kxf7 38. Qd3 Be6 39. Re1 b6 40. h3 Re8 41. Rxe6 Rxe6 42. Qd7+ Kf8 43. Qxe6 Qxg3 44. Qxf6+ Ke8 45. Qh8+ Kd7 46. Qxh7+ Kd8 47. Qe4 Kc8 48. f5 Qg5 49. Kh2 Kb8 50. h4 Qf6 51. Qf4 Kc8 52. Kh3 Kb8 53. h5 Kb7 54. h6 Qf7 55. g4 c6 56. bxc6+ 1-0

[Event "15th Governor Cup 2019"]
[Site "Khanty-Mansiysk"]
[Date "2019.11.25"]
[Round "9.19"]
[White "Safin, Robert"]
[Black "Mironenko, Galina"]
[Result "1-0"]
[ECO "A40"]
[WhiteElo "2182"]
[BlackElo "2236"]
[Annotator "NA"]
[PlyCount "93"]
[EventDate "2019.11.19"]
[EventType "swiss"]
[EventCountry "RUS"]
[SourceTitle "playchess.com"]
[Source "ChessBase"]
[SourceQuality "1"]
[TimeControl "5400+30"]

1. d4 Nf6 2. c4 e6 3. g3 d5 4. Nf3 Bb4+ 5. Bd2 Be7 6. Bg2 O-O 7. Qc2 Nbd7 8. O-O c6 9. Rc1 Ne4 10. Nc3 Nxd2 11. Nxd2 Nf6 12. Rd1 Re8 13. e4 dxe4 14. Ndxe4 Qc7 15. Nxf6+ Bxf6 16. Ne4 Be7 17. Qc3 f5 18. Nd2 Bf6 19. Nf3 c5 20. Qa3 cxd4 21. Nxd4 Bd7 22. Rac1 Red8 23. c5 Bxd4 24. Rxd4 Bc6 25. Rcd1 Bxg2 26. Kxg2 Rxd4 27. Rxd4 Rd8 28. Rxd8+ Qxd8 29. Qxa7 Qd5+ 30. Kg1 Qd1+ 31. Kg2 Qd5+ 32. Kh3 g5 33. Qb8+ Kg7 34. Qd6 Qc4 35. Qe5+ Kf7 36. Kg2 Qa6 37. Qc7+ Kg6 38. h3 h5 39. Qc8 g4 40. hxg4 hxg4 41. c6 Qxa2 42. cxb7 Qd5+ 43. Kh2 Qf3 44. Qxe6+ Kh5 45. Qb6 f4 46. b8=Q fxg3+ 47. Qxg3 1-0

[Event "15th Governor Cup 2019"]
[Site "Khanty-Mansiysk"]
[Date "2019.11.25"]
[Round "9.20"]
[White "Ryabov, Georgi"]
[Black "Voskresenskaya, Marta"]
[Result "1-0"]
[ECO "A34"]
[WhiteElo "1887"]
[BlackElo "1859"]
[Annotator "NA"]
[PlyCount "69"]
[EventDate "2019.11.19"]
[EventType "swiss"]
[EventCountry "RUS"]
[SourceTitle "playchess.com"]
[Source "ChessBase"]
[SourceQuality "1"]
[TimeControl "5400+30"]

1. c4 c5 2. g3 Nf6 3. Bg2 d5 4. cxd5 Nxd5 5. Nc3 Nc7 6. Nf3 Nc6 7. O-O e5 8. d3 Be7 9. Ne1 O-O 10. Nc2 Be6 11. f4 exf4 12. gxf4 Qd7 13. e4 Bg4 14. Qd2 Rad8 15. Nd5 Nxd5 16. exd5 Nb4 17. Nxb4 cxb4 18. Qe3 b6 19. Qg3 Bc5+ 20. Be3 Bxe3+ 21. Qxe3 Rfe8 22. Qg3 Re2 23. Rf2 Rxf2 24. Qxf2 Bh3 25. Be4 f5 26. Bf3 Bg4 27. Bg2 Qb5 28. h3 Bh5 29. Qh4 Re8 30. Qxh5 Qc5+ 31. Kh1 Qe3 32. Rf1 g6 33. Qf3 Qd4 34. d6 Qxd6 35. Qd5+ 1-0

[Event "15th Governor Cup 2019"]
[Site "Khanty-Mansiysk"]
[Date "2019.11.25"]
[Round "9.22"]
[White "Martynyuk, Elizaveta"]
[Black "Dorofeeva, Nyurguiaana"]
[Result "1-0"]
[ECO "C54"]
[WhiteElo "2020"]
[BlackElo "1848"]
[Annotator "NA"]
[PlyCount "111"]
[EventDate "2019.11.19"]
[EventType "swiss"]
[EventCountry "RUS"]
[SourceTitle "playchess.com"]
[Source "ChessBase"]
[SourceQuality "1"]
[TimeControl "5400+30"]

1. e4 e5 2. Nf3 Nc6 3. Bc4 Bc5 4. c3 Nf6 5. d3 O-O 6. O-O d5 7. exd5 Nxd5 8. Nbd2 Nb6 9. Bb5 Bd6 10. Ne4 h6 11. Re1 f5 12. Qb3+ Kh8 13. Ng3 Qf6 14. Bd2 Be6 15. c4 Nd7 16. Bxc6 bxc6 17. Bc3 Bf7 18. Re2 Bg6 19. Rae1 Rae8 20. Qd1 h5 21. h4 c5 22. Qa4 Nb6 23. Qxa7 Ra8 24. Qb7 Rfb8 25. Qc6 Be8 26. Qxa8 Rxa8 27. Nxe5 f4 28. Nf3 Qf8 29. Nf5 Qxf5 30. Rxe8+ Rxe8 31. Rxe8+ Bf8 32. Ne5 Kg8 33. Rd8 Kh7 34. Nf3 Be7 35. Re8 Qd7 36. Rb8 Qxd3 37. Rb7 Qd1+ 38. Kh2 Bd6 39. b3 Qe2 40. a4 Qxf2 41. a5 Nd7 42. a6 Ne5 43. Bxe5 Bxe5 44. a7 Qg3+ 45. Kh1 g5 46. a8=Q gxh4 47. Qe8 Bg7 48. Qxh5+ Kg8 49. Rb8+ Bf8 50. Qd5+ Kg7 51. Qe5+ Kh6 52. Rxf8 h3 53. Qh8+ Kg6 54. Qf6+ Kh5 55. Rh8+ Kg4 56. Ne5# 1-0